 Dungeon Crawl Stone Soup version 0.23-a0-8-gb809bb7 (webtiles) character file.

263 Amnesiac the Conjurer (level 5, -2/35 HPs)
             Began as a Mummy Conjurer on Aug 2, 2018.
             Slain by a howler monkey zombie (5 damage)
             ... on level 5 of the Dungeon.
             The game lasted 00:03:48 (2755 turns).

Amnesiac the Conjurer (Mummy Conjurer)              Turns: 2755, Time: 00:03:49

Health: -2/35      AC:  2    Str: 11    XL:     5   Next: 97%
Magic:  0/12       EV: 12    Int: 15    God:
Gold:   70         SH:  0    Dex: 13    Spells: 7/14 levels left

rFire    x . .     SeeInvis .   e - +0 spear
rCold    + . .     Gourm    .   (no shield)
rNeg     + + +     Faith    .   a - +0 robe
rPois    ∞         Spirit   .   (no helmet)
rElec    .         Reflect  .   (no cloak)
rCorr    .         Harm     .   (no gloves)
MR       .....                  (no boots)
Stlth    ++........             (no amulet)
HPRegen  0.11/turn              d - ring of wizardry
MPRegen  0.13/turn              (no ring)

@: no status effects
A: no food or potions, fire vulnerability, cold resistance 1, negative energy
resistance 3, torment resistance, unbreathing
a: no special abilities


You were on level 5 of the Dungeon.
You were not hungry.

You visited 1 branch of the dungeon, and saw 5 of its levels.

You collected 70 gold pieces.

Inventory:

Hand Weapons
 e - a +0 spear (weapon)
 g - a cursed -1 dagger
Armour
 a - a +0 robe (worn)
 i - a +0 helmet
 j - the cursed +0 buckler of Boatysk {MP+9 Stlth+, unknown}
   (You found it on level 4 of the Dungeon)

   It affects your magic capacity (+9).
   It makes you more stealthy.
   It has a curse placed upon it.
Jewellery
 d - a ring of wizardry (left hand)
 m - an uncursed ring of stealth {unknown}
Scrolls
 b - 2 scrolls of teleportation {!r, unknown}
 c - 4 scrolls of identify {!r, unknown}
 f - a scroll of amnesia {!r, unknown}
 h - a scroll of immolation {!r, unknown}
 k - a scroll of fear {!r, unknown}
 l - a scroll of remove curse {!r, unknown}


   Skills:
 - Level 1.5 Dodging
 - Level 1.5 Stealth
 + Level 5.0 Spellcasting
 * Level 5.2 Conjurations


You had 7 spell levels left.
You knew the following spells:

 Your Spells              Type           Power        Failure   Level  Hunger
a - Iskenderun's Mystic   Conj           ###.....     8%          4    N/A
b - Magic Dart            Conj           ###.         1%          1    N/A
d - Searing Ray           Conj           ###...       1%          2    N/A

Your spell library contained the following spells:

 Spells                   Type           Power        Failure   Level  Hunger
 Fulminant Prism          Conj/Hex       ##........   22%         4    N/A
 Dazzling Spray           Conj/Hex       ##....       7%          3    N/A
 Force Lance              Conj/Tloc      ##......     22%         4    N/A

Dungeon Overview and Level Annotations

Branches:
Dungeon (5/15)
 Temple: D:4-7

Altars:
Ashenzari


Innate Abilities, Weirdness & Mutations

You do not eat or drink.
Your flesh is vulnerable to fire.
You are immune to poison.
Your flesh is cold resistant. (rC+)
You are immune to negative energy. (rN+++)
You are immune to unholy pain and torment.
You can survive without breathing.


Message History

The searing ray hits the orc priest.
The orc priest is moderately wounded.
The orc priest shouts! (Press . to maintain the ray.)
The searing ray hits the orc priest.
The orc priest is almost dead.
The orc priest mumbles some strange prayers to Beogh against you.
Beogh smites you!
The searing ray hits the orc.
You kill the orc!
A howler monkey zombie comes into view.
The searing ray hits the orc priest.
You kill the orc priest!
Your Spellcasting skill increases to level 5!
You finish channeling your searing ray.
Casting: Searing Ray (safe; 1% risk of failure)
Confirm with . or Enter, or press ? or * to list all spells.
Aiming: Searing Ray (safe; 1% risk of failure)
Press: ? - help, Shift-Dir - straight line, f - orc
Aim: an orc, wielding an enchanted mace and wearing a chain mail The searing ray hits the orc. (Press . to maintain the ray.)
An orc comes into view. It is wielding a hand axe.
The searing ray hits the orc.
The searing ray hits the orc.
The orc is moderately wounded.
The orc zaps a wand.
The bolt of acid misses the orc.
The bolt of acid hits you!
* * * LOW HITPOINT WARNING * * *
You are splashed with acid!
The acid burns!
* * * LOW HITPOINT WARNING * * *
It is a wand of acid (11).
The searing ray hits the orc.
The orc is heavily wounded.
The searing ray hits the orc.
You kill the orc!
You finish channeling your searing ray.
The orc barely misses you.
Press: ? - help, v - describe, . - travel
Here: an orc, wielding an enchanted mace and wearing a chain mail (heavily wounded)
The floor.
Press: ? - help, v - describe, . - travel
Here: a howler monkey zombie The floor.
The orc completely misses you.
Casting: Searing Ray (safe; 1% risk of failure)
Confirm with . or Enter, or press ? or * to list all spells.
Aiming: Searing Ray (safe; 1% risk of failure)
Press: ? - help, Shift-Dir - straight line, f/p - orc
Aim: an orc, wielding an enchanted mace and wearing a chain mail (lightly wounded)
The searing ray hits the orc.
The orc is heavily wounded. (Press . to maintain the ray.)
The orc closely misses you.
The searing ray hits the orc.
The orc is heavily wounded.
The orc misses you.
Unknown command.
The searing ray hits the orc.
You kill the orc!
Unknown command.
The searing ray hits the howler monkey zombie.
The howler monkey zombie is heavily damaged.
You finish channeling your searing ray.
The howler monkey zombie hits you.
You die...

##.### #.#
#.#######
#.#.....#
#.#.....#
#.#.....#
#.#.....#
#Z#<....#
#@#.....#
#....##.#
####.##.#
#.##.#
##.##.#
.#.##.#
####.#.##.#
......##.#
#...####.#


You could see a howler monkey zombie.

Vanquished Creatures
  A crimson imp (D:4)
  2 orc priests
  A hound (D:4)
  An iguana (D:4)
  A worker ant (D:5)
  An orc wizard (D:3)
  2 adders
  A howler monkey skeleton (D:4)
  A worm (D:3)
  A leopard gecko (D:4)
  10 orcs
  A giant cockroach (D:1)
  4 goblins
  2 hobgoblins
  A jackal (D:2)
  2 quokkas
  A bat (D:2)
  A frilled lizard (D:2)
  A quokka skeleton (D:5)
  A rat (D:3)
36 creatures vanquished.

Notes
Turn   | Place    | Note
-------+----------+-------------------------------------------
     0 | D:1      | Amnesiac the Mummy Conjurer began the quest for the Orb.
     0 | D:1      | Reached XP level 1. HP: 13/13 MP: 4/4
   280 | D:1      | Found a shattered altar of Ashenzari.
   704 | D:2      | Reached XP level 2. HP: 19/19 MP: 3/6
   712 | D:2      | Learned a level 2 spell: Searing Ray
   836 | D:3      | Reached XP level 3. HP: 24/24 MP: 4/8
  1041 | D:3      | Reached XP level 4. HP: 30/30 MP: 6/10
  1048 | D:3      | Learned a level 4 spell: Iskenderun's Mystic Blast
  1802 | D:4      | Reached XP level 5. HP: 30/35 MP: 3/11
  2143 | D:4      | Got a brightly glowing buckler
  2634 | D:5      | Entered Level 5 of the Dungeon
  2692 | D:5      | Reached skill level 5 in Conjurations
  2728 | D:5      | Reached skill level 5 in Spellcasting
  2731 | D:5      | HP: 1/35 [acid (14)]
  2755 | D:5      | Slain by a howler monkey zombie

Vault maps used:
D:1:      lightli_arrival_quake, columned_hall_lemuel, evilmike_ruin_ashenzari
D:2:      chequers_ecumenical_altar_twisty
D:3:      nemelex_altar_shiori, kennysheep_generic_room_14
D:5:      minmay_temple_entry_fiery, first_ration, basic_altar

Skill      XL: |  1  2  3  4  5 |
---------------+----------------+-----
Spellcasting   | 3 4 5 |  5.0
Conjurations   | 4 5 |  5.2
Dodging        | |  1.5
Stealth        | |  1.5

Action                   |  1- 3 |  4- 6 || total
-------------------------+-------+-------++-------
Melee: Spear             |     1 |    10 ||    11
 Cast: Magic Dart        |    29 |     2 ||    31
       Searing Ray       |     3 |    20 ||    23
       Iskenderun's Myst |       |     3 ||     3
 Stab: Sleeping          |       |     1 ||     1
Armor: Robe              |     1 |     1 ||     2
Dodge: Dodged            |    15 |    15 ||    30

Table legend:
 A = Spawn XP
 B = Non-spawn XP
 C = Spawn XP percentage of total XP
 D = Spawn monster count
 E = Non-spawn monster count
 F = Spawn count percentage of total count
 G = Total turns spent on level
                    A         B        C        D         E        F      G
               +---------+---------+-------+---------+---------+-------+---------
         Total |       0 |     376 |   0.0 |       0 |      36 |   0.0 |  2755
               +---------+---------+-------+---------+---------+-------+---------
           D:1 |       0 |       6 |   0.0 |       0 |       3 |   0.0 |   568
           D:2 |       0 |      10 |   0.0 |       0 |       6 |   0.0 |   394
           D:3 |       0 |     110 |   0.0 |       0 |      11 |   0.0 |   411
           D:4 |       0 |     166 |   0.0 |       0 |      10 |   0.0 |  1261
           D:5 |       0 |      84 |   0.0 |       0 |       6 |   0.0 |   121
               +---------+---------+-------+---------+---------+-------+---------
